 Dungeon Crawl Stone Soup version 0.29.1-12-g30fa7ad0bf (webtiles) character file.

Game seed: 17220782114987646808

260 wormed the Trooper (level 6, -1/66 HPs)
             Began as an Ogre Berserker on Dec 27, 2022.
             Was a Believer of Trog.
             Slain by Blork the orc
             ... wielding a +0 halberd
              (4 damage)
             ... on level 4 of the Dungeon.
             The game lasted 00:04:34 (4314 turns).

wormed the Trooper (Ogre Berserker)                 Turns: 4314, Time: 00:04:34

Health: -1/66      AC:  3    Str: 24    XL:     6   Next: 17%
Magic:  6/6        EV: 10    Int:  8    God:    Trog [**....]
Gold:   216        SH:  0    Dex:  8    Spells: 5/5 levels left

rFire   . . .      SeeInvis .   a - +0 mace
rCold   . . .      Faith    .   (no shield)
rNeg    . . .      Spirit   .   b - +0 animal skin
rPois   .          Reflect  .   (helmet restricted)
rElec   .          Harm     .   (no cloak)
rCorr   .          Rampage  .   (gloves unavailable)
Will    ++...                   (boots unavailable)
Stlth   +.........              (no amulet)
HPRegen 1.21/turn               (no ring)
MPRegen 0.10/turn               (no ring)

@: about to teleport, strong-willed (expiring), on berserk cooldown,
regenerating (expiring), slowed, very slow
A: large, unfitting armour, tough skin 1
a: Renounce Religion, Berserk, Trog's Hand


You were on level 4 of the Dungeon.
You worshipped Trog.
Trog was pleased with you.
You visited 1 branch of the dungeon, and saw 4 of its levels.

You collected 216 gold pieces.

Inventory:

Hand Weapons
 a - a +0 mace (weapon)
Missiles
 h - 8 poisoned darts (quivered)
Armour
 b - a +0 animal skin (worn)
Jewellery
 j - a ring of fire
 q - a ring of protection from fire
 v - a ring of ice
Scrolls
 c - a scroll of teleportation
 d - a scroll of blinking {unknown}
 i - 2 scrolls of identify {unknown}
 k - a scroll of torment {unknown}
 m - 3 scrolls of summoning {unknown}
 o - a scroll of enchant armour {unknown}
 s - 2 scrolls of amnesia {unknown}
Potions
 e - a potion of brilliance {unknown}
 f - a potion of curing {unknown}
 g - a potion of cancellation {unknown}
 l - a potion of resistance {unknown}
 n - a potion of attraction {unknown}
 t - a potion of lignification {unknown}


   Skills:
 + Level 5.3 Fighting
 * Level 4.3 Maces & Flails
 + Level 1.9 Armour
 + Level 3.6 Dodging


You had 5 spell levels left.
You didn't know any spells.
Your spell library was empty.

Dungeon Overview and Level Annotations

Branches:
Dungeon (4/15)
 Temple: D:4-7

Altars:
Ashenzari
Dithmenos
Okawaru

Shops:
D:1 !

Annotations:
D:4 Blork the orc


Innate Abilities, Weirdness & Mutations

You are too large for most types of armour.
You have tough skin. (AC +1)


Message History

You sock Blork the orc!
Blork the orc is moderately wounded.
Blork the orc hits you with a +0 halberd!
* * * LOW HITPOINT WARNING * * *
Blork the orc barely misses you. The hobgoblin barely misses you.
Blork the orc closely misses you.
You hit the hobgoblin.
You kill the hobgoblin!
Trog accepts your kill.
Blork the orc hits you with a +0 halberd.
* * * LOW HITPOINT WARNING * * *
Blork the orc barely misses you.
You hit Blork the orc but do no damage.
Blork the orc is moderately wounded.
You feel the effects of Trog's Hand fading.
Blork the orc looks satisfied for a moment.
Blork the orc screams, "Die!"
Blork the orc hits you with a +0 halberd.
* * * LOW HITPOINT WARNING * * *
Blork the orc misses you.
As you read the scroll labelled YLAIFI JI VOAS, it crumbles to dust.
You assume a fearsome visage.
Blork the orc resists with almost no effort.
It was a scroll of fear.
Blork the orc looks braver for a moment.
Blork the orc barely misses you.
The air fills with toxic fumes!
As you read the scroll labelled WAVVEL BIRUA, it crumbles to dust.
It was a scroll of poison.
Blork the orc closely misses you.
Blork the orc hits you with a +0 halberd!
* * * LOW HITPOINT WARNING * * *
Blork the orc screams, "I'll rip your head off!"
Blork the orc barely misses you.
Unknown command.
Unknown command.
As you read the scroll labelled MIHARA QAOHOCUMO, it crumbles to dust.
You feel strangely unstable.
It was a scroll of teleportation.
Blork the orc closely misses you.
Blork the orc hits you with a +0 halberd.
You die...

..........>......#...##.
.§§§§§§§§§§§§§§..#...##.
..§§§§§§§§§§§§§..#....#.
..$§§§§§§§§§§§§..#..).#.
....§§§§§§§§§§§..#...##'
.....§§§§§§§§§§..#...##.
.#+###§§§§§§§§§[.#......
+...#§o§§§§§§§..#......
#...#§@§§§§§§§..#......
#§§§§§§§§§§§§§..#......
#§§§#§§§§§§§§§..#......
######§§.#§§§§§§§§§..#......
#...##§..#§§§§§§§§§..#...[..
+...§§...#§§§§§§§§§..#......
#...§....#§§§§§§§§§..#......
#...##...#§§§§§§§§§ #......
##...##...#......... #......


You could see Blork the orc (fast).

Vanquished Creatures
  A phantom (D:3)
  A hound (D:4)
  An orc priest (D:3)
  Robin (D:3)
  4 adders
  A worm (D:3)
  2 dart slugs
  6 orcs
  5 ball pythons
  7 endoplasms
  A giant cockroach (D:2)
  7 goblins
  9 hobgoblins
  3 kobolds
  2 quokkas
  7 bats
  2 frilled lizards
  9 rats
69 creatures vanquished.

Vanquished Creatures (others)
  A goblin (D:3)
  12 plants (D:2)
13 creatures vanquished.

Grand Total: 82 creatures vanquished

Notes
Turn   | Place    | Note
-------+----------+-------------------------------------------
     0 | D:1      | wormed the Ogre Berserker began the quest for the Orb.
     0 | D:1      | Reached XP level 1. HP: 24/24 MP: 1/1
   228 | D:1      | Found a faded altar of an unknown god.
   291 | D:1      | Reached XP level 2. HP: 32/32 MP: 2/2
   593 | D:1      | Found Hekkim's Distillery.
  1065 | D:2      | Reached XP level 3. HP: 39/39 MP: 3/3
  1439 | D:2      | Reached ** piety under Trog
  2310 | D:3      | Reached skill level 1 in Armour
  2315 | D:3      | Reached XP level 4. HP: 36/49 MP: 4/4
  2469 | D:3      | Found an iron altar of Okawaru.
  2529 | D:3      | Found a shadowy altar of Dithmenos.
  2529 | D:3      | Found a broken altar of Ashenzari.
  2598 | D:3      | Noticed Robin
  2612 | D:3      | Killed Robin
  3198 | D:3      | Reached XP level 5. HP: 40/55 MP: 5/5
  3674 | D:3      | Noticed a phantom
  3685 | D:3      | Reached skill level 5 in Fighting
  3691 | D:3      | Killed a phantom
  4023 | D:4      | Reached XP level 6. HP: 49/66 MP: 6/6
  4289 | D:4      | Noticed Blork the orc
  4305 | D:4      | HP: 2/66 [Blork the orc/+0 halberd (10)]
  4313 | D:4      | HP: 1/66 [Blork the orc/+0 halberd (7)]
  4314 | D:4      | Slain by Blork the orc

Illustrated notes

Levels and vault maps discovered:
D:1:      wander_arrival_lonely_grave, layout_basic,
          ebering_ecumenical_altar_mist, serial_shops, shop
D:2:      layout_loops_corners, serial_forest, infiniplex_forest_clump_C,
          infiniplex_forest_end_double, infiniplex_forest_clump_C,
          infiniplex_forest_straight_3, infiniplex_forest_join,
          infiniplex_forest_lined_corner, infiniplex_forest_clump_cross,
          infiniplex_forest_lined_room_2, infiniplex_forest_lined_3,
          infiniplex_forest_straight_1
D:3:      layout_basic, okawaru_metal_pillars_1_2,
          mainiacjoe_overflow_divided_tiny, kennysheep_generic_room_6,
          uniq_robin
D:4:      layout_gridville, uniq_blork_the_orc, uniq_grinder

Skill      XL: |  1  2  3  4  5 |
---------------+----------------+-----
Maces & Flails | 3 4 |  4.3
Dodging        | 3 |  3.6
Armour         | 1 |  1.9
Fighting       | 5 |  5.3

Action                   |  1- 3 |  4- 6 || total
-------------------------+-------+-------++-------
Melee: Mace              |   108 |    97 ||   205
       Punch             |       |     1 ||     1
Throw: Dart              |       |     1 ||     1
Invok: Berserk           |       |     5 ||     5
       Trog's Hand       |       |     1 ||     1
  Use: Scroll            |       |     3 ||     3
       Potion            |       |     2 ||     2
 Stab: Sleeping          |     2 |       ||     2
Armor: Animal skin       |    30 |    35 ||    65
Dodge: Dodged            |    59 |    72 ||   131
